Map: Lightshade LE

Players

ExpecT - Winner!

  • Race: Terran Terran

Lemon

  • Race: Terran Terran

VOD

Have the link to the VOD?

Description

Time

  • Played on: Sept. 29, 2021, 8:14 a.m.
  • Length: 13:55
Show
View Real Time Build Order
Export as new Build Order

ExpecT Terran - Winner!

Build Orders: Cyclone Opening 

Get SALT Encoding   

  12  0:00  SCV  
  13  0:12  SCV  
  14  0:17  Supply Depot  
  14  0:24  SCV  
  15  0:38  SCV  
  15  0:40  Barracks  
  16  0:43  Refinery  
  16  0:50  SCV  
  16  0:53  Refinery  
  17  1:02  SCV  
  18  1:14  SCV  
  19  1:27  Reaper  
  19  1:28  Orbital Command  
  19  1:31  Supply Depot  
  20  1:43  Factory  
  20  1:54  SCV  
  20  1:59  Reaper  
  22  2:07  SCV  
  23  2:19  SCV  
  24  2:25  Command Center  
  24  2:28  Factory Tech Lab  
  24  2:31  SCV  
  24  2:32  Barracks Reactor  
  25  2:43  Supply Depot, SCV  
  26  2:49  Cyclone  
  29  2:55  SCV  
  30  3:05  Starport  
  30  3:08  SCV  
  30  3:09  Marine x2  
  33  3:20  SCV, Refinery  
  33  3:23  Cyclone  
  37  3:28  Marine x2  
  37  3:33  SCV  
  36  3:47  Marine x2  
  38  3:48  Starport Tech Lab  
  38  3:50  SCV  
  38  3:53  Orbital Command  
  39  4:02  SCV  
  40  4:07  Raven  
  40  4:10  Marine x2  
  40  4:14  SCV  
  43  4:17  Siege Tank  
  43  4:19  SCV  
  47  4:27  SCV  
  47  4:28  Supply Depot, Marine x2  
  51  4:31  SCV  
  51  4:39  SCV  
  51  4:43  SCV  
  50  4:48  Marine x2  
  50  4:50  Raven  
  50  4:51  SCV  
  55  4:53  Supply Depot  
  55  4:55  SCV  
  55  4:58  Siege Tank  
  59  5:03  SCV  
  60  5:07  SCV  
  60  5:09  Marine  
  60  5:13  Supply Depot x2  
  62  5:14  Marine  
  62  5:15  SCV  
  62  5:20  SCV  
  65  5:26  Command Center  
  65  5:27  SCV  
  66  5:31  Siege Tank  
  69  5:36  SCV  
  69  5:39  SCV  
  71  5:45  Viking x2  
  71  5:47  Stimpack  
  71  5:48  SCV  
  76  5:52  SCV  
  76  5:53  Supply Depot  
  76  5:57  Marine  
  77  6:00  SCV  
  79  6:05  Siege Tank  
  82  6:13  Barracks  
  82  6:14  Marine, Barracks  
  83  6:20  Viking  
  83  6:21  Viking  
  83  6:23  SCV  
  88  6:32  Marine  
  88  6:37  Siege Tank  
  92  6:46  Orbital Command  
  89  6:54  Viking x2  
  89  6:59  Barracks  
  89  7:00  Barracks  
  93  7:03  SCV x2  
  93  7:05  Barracks Reactor  
  93  7:06  Barracks Reactor  
  95  7:08  Engineering Bay  
  95  7:11  Engineering Bay  
  95  7:12  Marine  
  96  7:16  SCV x2  
  96  7:17  Refinery  
  96  7:19  Supply Depot x2  
  96  7:22  Siege Tank  
  101  7:29  Marine  
  101  7:34  Orbital Command  
  102  7:45  SCV  
  102  7:47  Marine  
  102  7:48  Marine  
  102  7:55  Barracks Reactor x2  
  100  7:58  Marine x2  
  100  7:59  Marine  
  100  8:03  SCV  
  104  8:13  Marine x2  
  104  8:16  Combat Shield, Marine x3  
  109  8:20  SCV x2, Refinery  
  109  8:21  SCV  
  112  8:31  Marine x2  
  112  8:32  SCV  
  112  8:33  SCV  
  116  8:34  Marine  
  116  8:35  Marine x3  
  116  8:38  Medivac  
  116  8:39  Marine  
  123  8:41  Medivac  
  123  8:42  Supply Depot  
  125  8:52  Supply Depot  
  125  8:53  Supply Depot  
  125  8:58  Missile Turret  
  125  9:04  SCV x3, Marine x5  
  125  9:08  Supply Depot  
  133  9:16  SCV x3, Medivac x2  
  138  9:20  Siege Tank, Marine x4  
  143  9:25  Sensor Tower  
  143  9:27  Supply Depot  
  143  9:28  SCV x2  
  143  9:29  SCV  
  146  9:36  Marine x3  
  149  9:40  Refinery  
  149  9:42  Sensor Tower  
  149  9:44  SCV x2  
  151  9:46  SCV  
  151  9:49  Refinery  
  151  9:50  Marine  
  151  9:52  Siege Tank  
  153  9:53  Marine x3  
  155  10:01  Medivac x2  
  155  10:03  Marine x4  
  155  10:07  SCV x2  
  163  10:16  Terran Infantry Weapons Level 1, Terran Infantry Armor Level 1  
  163  10:18  Marine x2  
  165  10:33  Supply Depot  
  165  10:38  Factory  
  165  10:42  Supply Depot  
  165  10:44  Marine x4  
  165  10:46  SCV x2, Marine x4  
  165  10:47  Marine  
  165  10:49  Siege Tank  
  138  11:02  Marine x4  
  138  11:03  Medivac  
  138  11:04  Medivac, Marine x5  
  146  11:11  SCV  
  152  11:15  Armory  
  152  11:20  Marine x4  
  152  11:21  Marine  
  152  11:22  Marine  
  152  11:23  Siege Tank, Factory Tech Lab  
  152  11:24  Marine x2  
  163  11:30  Marine  
  164  11:38  Marine x4  
  164  11:39  Marine  
  169  11:40  Marine  
  169  11:42  Medivac, Marine x2  
  169  11:43  Medivac  
  169  11:45  Siege Tank  
  179  11:48  Marine  
  180  11:54  Supply Depot x2  
  180  12:07  Marine  
  181  12:15  Marine x5  
  181  12:16  Siege Tank, Marine x2  
  181  12:18  Sensor Tower, Command Center, Marine  
  192  12:25  Marine  
  193  12:33  Marine x4  
  197  12:46  Marine  
  197  12:47  Marine  
  197  12:48  Medivac  
  197  12:50  Medivac  
  197  12:55  Marine  
  197  13:13  Marine  
  197  13:16  Starport x2, Supply Depot  
  193  13:22  Marine x2  
  190  13:28  Marine x5  
  190  13:32  Marine x2  
Show
View Real Time Build Order
Export as new Build Order

Lemon Terran 

Build Orders:  

Get SALT Encoding   

  12  0:00  SCV  
  13  0:12  SCV  
  14  0:17  Supply Depot  
  14  0:24  SCV  
  15  0:39  SCV, Barracks  
  15  0:42  Refinery  
  16  0:51  SCV  
  16  0:53  Refinery  
  17  1:03  SCV  
  18  1:15  SCV  
  19  1:26  Reaper  
  19  1:27  Orbital Command  
  19  1:28  Supply Depot  
  20  1:40  Factory  
  20  1:53  SCV  
  21  1:58  Barracks Reactor  
  21  2:05  SCV  
  22  2:15  Command Center  
  22  2:18  SCV  
  23  2:24  Hellion  
  25  2:30  SCV  
  25  2:34  Reaper  
  25  2:35  Supply Depot, Reaper  
  28  2:42  SCV  
  29  2:46  Hellion  
  31  2:55  Starport  
  31  2:56  SCV  
  32  3:06  Marine  
  32  3:07  Marine  
  32  3:08  SCV, Factory Tech Lab  
  35  3:15  Refinery  
  35  3:20  SCV  
  35  3:23  Marine  
  35  3:24  Marine  
  38  3:29  Cyclone  
  38  3:32  SCV  
  42  3:39  Starport Tech Lab  
  41  3:41  Marine  
  41  3:42  Marine  
  41  3:43  Orbital Command  
  41  3:47  SCV  
  43  3:59  SCV  
  43  4:01  Raven, Marine x2  
  48  4:11  SCV x2  
  48  4:13  Supply Depot  
  50  4:19  Siege Tank  
  50  4:23  SCV  
  54  4:27  Supply Depot  
  54  4:34  SCV, Marine x2  
  54  4:35  SCV  
  54  4:36  Supply Depot  
  56  4:44  Raven  
  53  4:46  SCV  
  53  4:47  SCV  
  53  4:52  Marine x2  
  57  4:53  Siege Tank  
  57  4:58  SCV  
  61  5:05  SCV  
  61  5:06  Supply Depot  
  62  5:09  Marine x2  
  62  5:10  SCV  
  62  5:12  Command Center  
  65  5:17  SCV  
  66  5:23  SCV  
  66  5:25  Siege Tank  
  70  5:29  SCV  
  70  5:35  SCV  
  72  5:36  Viking x2, Marine  
  72  5:39  Refinery  
  72  5:41  Stimpack  
  75  5:45  SCV  
  75  5:47  SCV  
  75  5:48  Supply Depot  
  77  5:57  SCV  
  77  5:59  SCV, Barracks  
  77  6:01  Barracks  
  77  6:04  Siege Tank, Marine  
  82  6:09  SCV  
  84  6:12  Supply Depot  
  84  6:15  Viking x2  
  84  6:16  SCV  
  87  6:22  SCV  
  84  6:27  Marine  
  84  6:29  Orbital Command  
  83  6:36  SCV x2  
  83  6:38  Siege Tank  
  88  6:46  Marauder  
  87  6:48  SCV  
  87  6:50  SCV  
  89  6:55  Supply Depot  
  89  7:00  SCV  
  82  7:02  SCV  
  82  7:04  Viking  
  82  7:05  SCV  
  82  7:06  Marine  
  87  7:15  Siege Tank  
  87  7:17  SCV x2  
  92  7:24  Marine  
  92  7:25  SCV  
  92  7:27  Supply Depot  
  92  7:28  Barracks Reactor x2  
  92  7:29  SCV x2, Combat Shield  
  94  7:37  Medivac  
  94  7:42  Marine  
  94  7:43  SCV x3  
  96  7:55  SCV x3  
  96  8:00  Marine  
  97  8:07  SCV x2, Siege Tank  
  97  8:08  Marine  
  97  8:09  Marine x2  
  97  8:10  Marine  
  106  8:14  SCV  
  106  8:19  SCV x2, Marine  
  110  8:23  Medivac x2  
  110  8:25  Marine  
  110  8:27  SCV  
  116  8:31  SCV  
  117  8:38  Marine x2  
  117  8:39  Marine x2  
  117  8:41  SCV  
  117  8:42  SCV, Engineering Bay  
  117  8:43  SCV, Refinery, Engineering Bay, Barracks  
  117  8:44  Refinery, Barracks  
  117  8:47  Marine  
  121  8:50  Siege Tank  
  121  8:53  SCV  
  122  8:56  Marine x2  
  122  8:57  Marine x2  
  122  9:01  Medivac  
  125  9:08  Barracks  
  125  9:11  Supply Depot, Sensor Tower  
  125  9:32  Terran Infantry Armor Level 1, Terran Infantry Weapons Level 1, Siege Tank, SCV x3, Marine x2  
  125  9:33  Supply Depot  
  133  9:47  Marine x3  
  133  9:50  Marine x2  
  120  9:57  Medivac x2  
  125  10:04  Siege Tank  
  125  10:05  Marine  
  125  10:06  Barracks Reactor  
  124  10:07  Barracks Reactor  
  124  10:08  Armory, Marine x4  
  127  10:17  Command Center  
  127  10:22  Missile Turret, Marine  
  127  10:24  Factory  
  127  10:25  Marine  
  127  10:26  Marine  
  130  10:29  Marine x2  
  130  10:31  Supply Depot  
  130  10:33  Supply Depot  
  130  10:34  Supply Depot  
  132  10:40  Marine  
  133  10:43  Marine x2  
  133  10:47  Sensor Tower, Marine  
  136  10:51  Marine  
  136  10:52  Medivac x2, Siege Tank  
  136  10:53  Marine x3  
  128  11:02  Marine x3  
  130  11:04  Marine  
  130  11:06  Terran Vehicle Weapons Level 1  
  130  11:09  Marine  
  130  11:10  Marine  
  130  11:11  Marine x2  
  135  11:12  Barracks Reactor  
  135  11:20  Marine x3  
  135  11:21  Siege Tank  
  135  11:22  Marine  
  142  11:30  Marine  
  142  11:31  Marine  
  142  11:32  Siege Tank  
  147  11:34  Planetary Fortress  
  147  11:36  Terran Infantry Weapons Level 2, SCV x2, Terran Infantry Armor Level 2  
  147  11:37  SCV  
  150  11:48  Marine x9  
  150  11:49  Viking, Marine  
  150  11:50  Viking  
  150  11:51  SCV  
  150  11:52  SCV  
  150  11:53  SCV  
  167  12:03  SCV, Siege Tank  
  167  12:05  Marine  
  167  12:06  Marine x3  
  174  12:11  Refinery x2  
  174  12:13  Starport  
  174  12:15  Starport  
  173  12:20  Marine  
  173  12:21  Marine x5  
  179  12:23  Marine  
  180  12:35  Supply Depot  
  180  12:36  Supply Depot  
  180  12:37  Siege Tank, Viking x2, Marine  
  180  12:38  Command Center  
  188  12:51  Marine x4  
  182  12:54  Marine x3  
  182  12:56  Siege Tank  
  191  13:06  Marine  
  191  13:07  Medivac x2, Marine x2  
  191  13:08  Marine  
  192  13:20  Marine  
  192  13:21  Marine x5  
  192  13:24  Marine x2  
  188  13:33  Marine  
  175  13:36  Starport Tech Lab x2  
Tags
 
Add a new tag
Caveats
  • Supply blocks, unpowered buildings, or Contaminate may cause inaccurate times.
  • Supply counts are checked every 10 seconds.